 Dungeon Crawl Stone Soup version 0.30.1-3-gfc49f6343a (webtiles) character file.

Game seed: 11235973309158472145

8587 H0rd4k the Covert (level 11, -12/67 HPs)
             Began as an Octopode Artificer on July 31, 2023.
             Was an Initiate of Gozag.
             Mangled by a yak (14 damage)
             ... on level 1 of the Lair of Beasts.
             The game lasted 00:29:10 (14536 turns).

H0rd4k the Covert (Octopode Artificer)             Turns: 14536, Time: 00:29:11

Health: -12/67     AC:  5    Str: 12    XL:     11   Next: 33%
Magic:  15/19      EV: 14    Int: 23    God:    Gozag
Gold:   1036       SH:  0    Dex: 11    Spells: 10/24 levels left

rFire   x .          .
                       - Unarmed
rCold   + . .        (no shield)
rNeg    . . .        b - +0 hat of Minor Irritation {Int+6}
rPois   .            (no amulet)
rElec   .            f - ring of ice
rCorr   .            v - +4 ring of protection
SInv    .            H - ring of flight
Will    +....        l - ring of willpower
Stlth   +++++        (no ring)
HPRegen 0.31/turn    (no ring)
MPRegen 0.16/turn    (no ring)
                     (no ring)

%: no passive effects
@: gold aura, flying
A: almost no armour, amphibious, 8 rings, camouflage 1, gelatinous body 1,
(nimble swimmer 1), tentacles, tentacle spike 1, clumsy 1, low MP 1
a: Renounce Religion, Potion Petition, Call Merchant, Bribe Branch


You were on level 1 of the Lair of Beasts.
You worshipped Gozag.
Gozag was most pleased with you.
You visited 3 branches of the dungeon, and saw 14 of its levels.
You also visited: Bailey.

You collected 1666 gold pieces.
You paid 630 gold pieces to Gozag.

Inventory:

Hand Weapons
 c - the +9 broad axe of Havoc {heavy, rN+}
   (You found it in a bailey)

   rN:        It protects you from negative energy.
 i - the +2 quarterstaff "Idiw" {heavy, Dex-5 SInv Stlth+}
   (You found it on level 2 of the Dungeon)

   Dex:       It affects your dexterity (-5).
   SInv:      It lets you see invisible.
   Stlth:     It makes you more stealthy.
 t - a +3 rapier of draining
 w - a +5 club
 y - a +4 whip of electrocution
 D - a +2 vampiric demon whip
Missiles
 d - a boomerang of dispersal
 g - 4 throwing nets
 h - 3 atropa-tipped darts
 F - 17 poisoned darts (quivered)
Armour
 b - the +0 hat of Minor Irritation (worn) {Int+6}
   (You acquired it on level 7 of the Dungeon)

   Int:       It affects your intelligence (+6).
Magical Staves
 j - a staff of cold
 s - a staff of earth
Jewellery
 f - a ring of ice (left tentacle)
 l - a ring of willpower (on tentacle)
 r - a ring of see invisible
 v - a +4 ring of protection (right tentacle)
 H - a ring of flight (on tentacle)
Wands
 k - a wand of digging (1)
 q - a wand of flame (6)
 G - a wand of polymorph (5)
 J - a wand of acid (1)
 L - a wand of iceblast (7)
Scrolls
 a - 2 scrolls of butterflies
 e - 3 scrolls of fear
 m - a scroll of blinking
 n - 4 scrolls of magic mapping
 x - 3 scrolls of fog
 z - 4 scrolls of poison
 A - a scroll of identify
 C - 6 scrolls of teleportation
 E - a scroll of enchant weapon
Potions
 o - 2 potions of brilliance
 p - 5 potions of degeneration
 u - a potion of haste
 B - a potion of flight
 I - a potion of magic
 K - a potion of cancellation {unknown}


   Skills:
 - Level 3.4 Fighting
 - Level 0.5(0.7) Short Blades
 - Level 0.6(0.8) Long Blades
 - Level 0.5(0.9) Axes
 - Level 0.5(1.2) Maces & Flails
 - Level 0.5(1.2) Polearms
 - Level 1.4(1.6) Staves
 - Level 0.5 Ranged Weapons
 + Level 1.8 Throwing
 - Level 5.2 Dodging
 - Level 8.7 Stealth
 - Level 0.5 Shields
 - Level 8.0 Unarmed Combat
 * Level 7.0 Spellcasting
 + Level 1.1 Conjurations
 + Level 1.2 Hexes
 + Level 1.2 Summonings
 + Level 1.0 Necromancy
 + Level 0.5 Translocations
 * Level 4.0 Transmutations
 + Level 0.5 Fire Magic
 + Level 0.6 Ice Magic
 + Level 0.5 Air Magic
 * Level 4.3 Earth Magic
 + Level 0.7 Poison Magic
 + Level 1.3 Invocations
 - Level 7.2 Evocations


You had 10 spell levels left.
You knew the following spells:

 Your Spells              Type           Power      Damage    Failure   Level
a - Passwall              Tmut/Erth      22%        N/A       1%          2
b - Stone Arrow           Conj/Erth      40%        3d9       8%          3
c - Petrify               Tmut/Erth      27%        N/A       14%         4
d - Alistair's Intoxicat  Tmut/Pois      12%        N/A       63%         5

Your spell library contained the following spells:

 Spells                   Type           Power      Damage    Failure   Level
 Sandblast                Erth           56%        2d13      1%          1
 Magic Dart               Conj           52%        1d5       4%          1
 Apportation              Tloc           20%        N/A       6%          1
 Searing Ray              Conj           26%        2d5       7%          2
 Sublimation of Blood     Necr           13%        N/A       8%          2
 Cigotuvi's Dreadful Rot  Necr/Pois/Air  22%        N/A       9%          2
 Static Discharge         Conj/Air       24%        2-3/arc   9%          2
 Ignite Poison            Fire/Tmut/Pois 16%        N/A       11%         3
 Vhi's Electric Charge    Tloc/Air       20%        N/A       19%         3
 Irradiate                Conj/Tmut      10%        3d15      58%         5
 Arcjolt                  Conj/Air       6%         1d16      83%         5
 Freezing Cloud           Conj/Ice/Air   8%         6-21      83%         5
 Plasma Beam              Fire/Air       5%         2x1d17    100%        6


Dungeon Overview and Level Annotations

Branches:
Dungeon (12/15)            Temple (1/1) D:7            Lair (1/5) D:10
 Bailey (visited)
    Orc: D:9-12

Altars:
Ashenzari
Cheibriados
Dithmenos
Elyvilon
Fedhas
Gozag
Hepliaklqana
Kikubaaqudgha
Makhleb
Nemelex Xobeh
Okawaru
Ru
Sif Muna
Trog
Uskayaw
Vehumet
Wu Jian
Xom
Yredelemnul
Zin
The Shining One

Shops:
D:2 [   D:8 *   D:9 *

Annotations:
D:6 exclusion: ice beast
D:7 exclusions: downstairs and two-headed ogre
D:8 exclusions: cyclops and 3 downstairs
D:9 1 exclusion
D:10 exclusion: troll
D:11 exclusions: manticore and upstairs, Lodul
D:12 exclusion: upstairs


Innate Abilities, Weirdness & Mutations

You cannot wear most types of armour.
You are amphibious.
You can wear up to eight rings at the same time.
Your skin changes colour to match your surroundings (Stealth+).
Your rubbery body absorbs attacks. (AC +1, EV +1)
((You are camouflaged when in or above water. (Stealth+)))
You have tentacles for arms and can constrict up to eight enemies at once.
One of your tentacles bears a spike.
You are clumsy. (Dex -2)
Your magical capacity is low. (-10% MP)


Message History

The yak moves out of view.
The helpless yak fails to defend itself.
You bludgeon the yak!
The yak bellows! x3
You squeeze the yak, but do no damage.
The yak is lightly wounded.
The helpless yak fails to defend itself.
You bludgeon the yak!
You pierce the yak.
The yak is moderately wounded.
The helpless yak fails to defend itself.
You bludgeon the yak!
You pierce the yak, but do no damage.
You squeeze the yak.
The yak is heavily wounded.
The yak gores you.
The helpless yak fails to defend itself.
You bludgeon the yak!
The yak is severely wounded.
The yak gores you!
The helpless yak fails to defend itself.
You tentacle-slap the yak.
You pierce the yak, but do no damage.
The yak is severely wounded.
The yak gores you! The yak gores you but does no damage.
The helpless yak fails to defend itself.
You bludgeon the yak! You squeeze the yak.
The yak is almost dead.
The helpless yak fails to defend itself.
You bludgeon the yak!
You kill the yak!
The yak gores you! x2
* * * LOW HITPOINT WARNING * * *
The yak barely misses you. The yak barely misses you.
Unknown command.
The yak attacks as you move away! The yak gores you!
* * * LOW HITPOINT WARNING * * *
As you read the scroll of fear, it crumbles to dust.
You assume a fearsome visage.
The yak looks frightened! x2
The yak resists with some effort.
The yak gores you!
You die...
Your body crumbles into a pile of gold.

..P# ##...# ...#
#....# ...# ##...##
...# #....# ...##
#...## ...P########
#...# ...........#
#^..# #..........#
#...# #..........#
#.@.# #..>.......#
#..Y#
#..........####YY.#
##.#######....(.$.#
### ##........#
#.........#
##........#
#........#
######...#


You could see 3 yaks.

Vanquished Creatures
  An orc knight (Bailey)
  2 cane toads (Lair:1)
  A rime drake (Lair:1)
  A troll (D:10)
  A polar bear (Lair:1)
  A wyvern (Lair:1)
  11 yaks
  A basilisk (Lair:1)
  3 water moccasins
  2 ice beasts
  4 orc warriors
  2 sky beasts (D:6)
  4 ogres
  4 wolves (Lair:1)
  6 centaurs
  A phantom (D:6)
  5 kobold brigands
  Blork the orc (D:6)
  4 bullfrogs
  3 gnoll sergeants
  3 scorpions
  5 wights (D:9)
  3 howler monkeys
  2 hounds (D:6)
  3 orc priests
  3 jellies
  A gnoll bouda (D:6)
  Jessica (D:2)
  7 orc wizards
  A sleepcap (D:5)
  Ijyb (D:3)
  Natasha (D:2)
  7 iguanas
  11 gnolls
  8 adders
  A shadow imp (D:6)
  3 white imps
  An ufetubus (D:4)
  3 worms
  A dart slug (D:4)
  26 orcs
  10 bats
  8 endoplasms
  11 goblins
  7 hobgoblins
  3 jackals
  5 quokkas
  9 ball pythons
  6 frilled lizards
  22 kobolds
  9 rats
240 creatures vanquished.

Vanquished Creatures (collateral kills)
  Sigmund (D:5)
  2 orc warriors (Bailey)
  A scorpion (D:5)
  An orc priest (D:5)
  A gnoll (D:5)
  A dart slug (D:3)
  2 orcs (D:5)
  A bat (D:3)
  A kobold (D:2)
11 creatures vanquished.

Vanquished Creatures (others)
  A yak (D:4)
  A jelly (D:7)
  Terence (D:3)
  An adder (D:6)
4 creatures vanquished.

Grand Total: 255 creatures vanquished

Notes
Turn   | Place    | Note
-------+----------+-------------------------------------------
     0 | D:1      | H0rd4k the Octopode Artificer began the quest for the Orb.
     0 | D:1      | Reached XP level 1. HP: 13/13 MP: 1/1
   152 | D:1      | Reached XP level 2. HP: 14/18 MP: 2/2
   442 | D:1      | Reached XP level 3. HP: 16/23 MP: 3/3
   646 | D:2      | Identified the +2 quarterstaff "Idiw" {heavy, Dex-5 SInv
                  | Stlth+}
   664 | D:2      | Reached skill level 1 in Unarmed Combat
   855 | D:2      | Noticed Jessica
   862 | D:2      | Killed Jessica
   863 | D:2      | Reached XP level 4. HP: 15/28 MP: 4/4
  1161 | D:2      | Found Tuyhedd's Armour Emporium.
  1324 | D:2      | Noticed Natasha
  1336 | D:2      | Killed Natasha
  1337 | D:2      | Reached XP level 5. HP: 25/33 MP: 5/5
  1816 | D:3      | Noticed a phantom
  2101 | D:3      | Noticed Terence
  2120 | D:3      | Your ally Terence died
  2414 | D:3      | Noticed Ijyb
  2425 | D:3      | Killed Ijyb
  2426 | D:3      | Reached XP level 6. HP: 19/39 MP: 6/6
  2658 | D:4      | Found a broken altar of Ashenzari.
  2918 | D:4      | Found a shadowy altar of Dithmenos.
  3147 | D:4      | Noticed a yak
  3149 | D:4      | Noticed a yak
  3150 | D:4      | Noticed a yak
  3150 | D:4      | Noticed a yak
  3151 | D:4      | Noticed a yak
  3248 | D:5      | Entered Level 5 of the Dungeon
  3498 | D:5      | Reached skill level 5 in Stealth
  3800 | D:5      | Reached XP level 7. HP: 41/44 MP: 7/7
  3891 | D:5      | Found a glowing golden altar of the Shining One.
  4178 | D:5      | Noticed Sigmund
  4186 | D:5      | Killed Sigmund
  4285 | D:5      | You fall into a shaft and drop 2 floors!
  4296 | D:6      | Noticed Blork the orc
  4310 | D:6      | Found a sacrificial altar of Ru.
  4787 | D:5      | Reached XP level 8. HP: 50/50 MP: 8/8
  4809 | D:5      | Reached skill level 5 in Unarmed Combat
  4809 | D:5      | Reached skill level 5 in Evocations
  5003 | D:4      | Killed a yak
  5004 | D:4      | Killed a yak
  5006 | D:4      | Killed a yak
  5006 | D:4      | Killed a yak
  5021 | D:4      | Found a sparkling altar of Nemelex Xobeh.
  5027 | D:4      | Found a basalt altar of Yredelemnul.
  5029 | D:4      | Found a radiant altar of Vehumet.
  5029 | D:4      | Found an ornate altar of the Wu Jian Council.
  5038 | D:4      | Found an ancient bone altar of Kikubaaqudgha.
  5204 | D:6      | Reached XP level 9. HP: 23/55 MP: 9/9
  5969 | D:6      | Killed Blork the orc
  6364 | D:6      | Reached skill level 5 in Dodging
  6672 | D:7      | Noticed a two-headed ogre
  6979 | D:7      | Found a staircase to the Ecumenical Temple.
  6987 | Temple   | Entered the Ecumenical Temple
  7164 | Temple   | Became a worshipper of Gozag Ym Sagoz the Greedy
  7703 | D:7      | Identified a scroll of acquirement
  7704 | D:7      | Acquired the +0 hat of Minor Irritation {Int+6}
  7974 | D:8      | Found a flagged portal.
  7979 | Bailey   | Entered a bailey
  8157 | Bailey   | Noticed an orc knight
  8169 | Bailey   | Reached skill level 1 in Spellcasting
  8225 | Bailey   | Reached skill level 1 in Invocations
  8260 | Bailey   | Killed an orc knight
  8261 | Bailey   | Reached XP level 10. HP: 62/63 MP: 12/15
  8268 | Bailey   | Reached skill level 1 in Staves
  8567 | Bailey   | Identified the +9 broad axe of Havoc {heavy, rN+}
  9416 | D:8      | Found a snail-covered altar of Cheibriados.
  9469 | D:8      | Noticed a cyclops
  9520 | D:8      | Reached skill level 1 in Summonings
 10364 | D:9      | Reached skill level 5 in Spellcasting
 10567 | D:9      | Found Geet's Elemental Accessories.
 10633 | D:9      | Reached skill level 1 in Transmutations
 10891 | D:9      | Gained mutation: Your magical capacity is low. (-10% MP)
                  | [potion of mutation]
 10891 | D:9      | Gained mutation: You are clumsy. (Dex -2) [potion of
                  | mutation]
 10891 | D:9      | Gained mutation: One of your tentacles bears a spike.
                  | [potion of mutation]
 11165 | D:9      | Identified the +2 scale mail of Prudence {-Tele rPois rF-
                  | Dex+7}
 11413 | D:8      | Learned a level 2 spell: Passwall
 11754 | D:9      | Reached skill level 1 in Necromancy
 11761 | D:9      | Reached skill level 1 in Hexes
 11763 | D:9      | Reached skill level 1 in Earth Magic
 11923 | D:10     | Entered Level 10 of the Dungeon
 12135 | D:11     | Noticed a manticore
 12142 | D:11     | Learned a level 3 spell: Stone Arrow
 12147 | D:11     | Learned a level 4 spell: Petrify
 12220 | D:11     | Noticed Lodul
 12553 | D:11     | Reached skill level 1 in Throwing
 12845 | D:10     | Found a staircase to the Lair.
 12888 | D:10     | Got the Vellum of Attacks
 12979 | D:10     | Reached XP level 11. HP: 47/67 MP: 18/18
 12988 | Lair:1   | Entered Level 1 of the Lair of Beasts
 13101 | Lair:1   | Learned a level 5 spell: Alistair's Intoxication
 13250 | Lair:1   | Reached skill level 1 in Conjurations
 14535 | Lair:1   | HP: 2/67 [yak (13)]
 14536 | Lair:1   | Mangled by a yak

Illustrated notes

Levels and vault maps discovered:
D:1:      dpeg_arrival_concentric_ovals, layout_rooms
D:2:      layout_basic, serial_shops, shop, uniq_jessica, uniq_natasha
D:3:      minmay_evil_eye, layout_loops_ring, serial_glass, glass_columns_a,
          glass_columns_a, uniq_ijyb, uniq_terence
D:4:      layout_loops_ring, nicolae_ashenzari_skybound, grunt_dithmenos_smoke,
          minitemple, bh_walls_and_bars
D:5:      layout_gridville, lemuel_round_altar, uniq_sigmund
D:6:      minmay_thinvault, layout_cave_pods, mainiacjoe_overflow_paths,
          uniq_blork_the_orc
D:7:      layout_loops_ring, minmay_temple_entry_sparse_star
D:8:      layout_loops_ring, kennysheep_mini, enter_bailey_3,
          mrwooster_statue_mirror, nicolae_benzene_ring, hangedman_decor_push
D:9:      layout_roguey, nicolae_elemental_shop
D:10:     layout_big_octagon, nicolae_qazlal_scattered_showers, lair_entry_dummy
D:11:     nicolae_cairo_tiling, layout_stronghold,
          ebering_ghost_reflecting_pool, trog_antimagical, uniq_lodul
D:12:     layout_basic, serial_shops, shop, guppyfry_shop_venom
Temple:   chequers_temple_sunken
Lair:1:   layout_cellular_growth

Skill      XL: |  1  2  3  4  5  6  7  8  9 10 11 |
---------------+----------------------------------+-----
Unarmed Combat | 1 2 3 4 6 8 |  8.0
Stealth        | 2 3 4 5 7 8 |  8.7
Evocations     | 4 6 7 |  7.2
Dodging        | 3 4 5 |  5.2
Fighting       | 2 3 |  3.4
Spellcasting   | 3 6 7 |  7.0
Invocations    | 1 |  1.3
Staves         | 1 |  1.4
Summonings     | 1 |  1.2
Transmutations | 2 4 |  4.0
Necromancy     | 1 |  1.0
Hexes          | 1 |  1.2
Earth Magic    | 3 4 |  4.3
Throwing       | 1 |  1.8
Conjurations   | 1 |  1.1
Short Blades   | |  0.5
Long Blades    | |  0.6
Axes           | |  0.5
Maces & Flails | |  0.5
Polearms       | |  0.5
Ranged Weapons | |  0.5
Shields        | |  0.5
Translocations | |  0.5
Fire Magic     | |  0.5
Ice Magic      | |  0.6
Air Magic      | |  0.5
Poison Magic   | |  0.7

Action                     |  1- 3 |  4- 6 |  7- 9 | 10-12 || total
---------------------------+-------+-------+-------+-------++-------
  Melee: Unarmed           |    87 |   133 |   242 |   354 ||   816
         Constrict         |    26 |    25 |    47 |    43 ||   141
         Tentacles         |    22 |    26 |    59 |    89 ||   196
         Punch             |     1 |     4 |    18 |    12 ||    35
         Kick              |       |       |       |    78 ||    78
  Throw: Dart              |       |       |       |     7 ||     7
   Cast: Stone Arrow       |       |       |       |     9 ||     9
         Petrify           |       |       |       |     5 ||     5
 Invoke: Call Merchant     |       |       |       |     1 ||     1
  Evoke: Wand              |       |    22 |    60 |     8 ||    90
    Use: Scroll            |       |       |    11 |     6 ||    17
         Potion            |       |       |     6 |    10 ||    16
   Stab: Sleeping          |     5 |    24 |     5 |     9 ||    43
         Distracted        |       |       |       |     1 ||     1
         Petrified         |       |       |       |    14 ||    14
 Armour: Skin              |    10 |     4 |    30 |    69 ||   113
  Dodge: Dodged            |    62 |    72 |   161 |   194 ||   489
